 Dungeon Crawl Stone Soup version 0.32-a0 (webtiles) character file.

Game seed: 912211552840131640

270 Morbidden the Shooter (level 6, -9/47 HPs)
             Began as a Formicid Hunter on Jan 13, 2024.
             Mangled by an ogre
             ... wielding a +0 giant club
              (27 damage)
             ... on level 4 of the Dungeon.
             The game lasted 00:04:26 (3126 turns).

Morbidden the Shooter (Formicid Hunter)             Turns: 3126, Time: 00:04:27

Health: -9/47      AC:  6    Str: 21    XL:     6   Next: 47%
Magic:  6/6        EV: 12    Int:  9    God:
Gold:   156        SH:  5    Dex: 19    Spells: 5/5 levels left

rFire   . . .        b - +2 dagger (venom)
rCold   . . .        (no shield)
rNeg    . . .        p - +0 ring mail
rPois   +            (helmet unavailable)
rElec   .            q - +0 cloak
rCorr   .            (no gloves)
SInv    +            (no boots)
Will    .....        u - amulet of reflection
Stlth   +            f - ring of poison resistance
HPRegen 0.27/turn    i - +6 ring of strength
MPRegen 0.10/turn

%: reflection
@: no status effects
A: permanent stasis, dig shafts and tunnels, antennae 3, four strong arms
a: Dig, Shaft Self


You were on level 4 of the Dungeon.
You visited 1 branch of the dungeon, and saw 4 of its levels.

You collected 214 gold pieces.
You spent 58 gold pieces at shops.

Inventory:

Hand Weapons
 a - a +0 shortbow
 b - a +2 dagger of venom (weapon)
Armour
 p - a +0 ring mail (worn)
 q - a +0 cloak (worn)
Jewellery
 d - an amulet of the acrobat
 f - a ring of poison resistance (left hand)
 i - a +6 ring of strength (right hand)
 u - an amulet of reflection (around neck)
Wands
 n - a wand of polymorph (10)
Scrolls
 e - a scroll of summoning
 g - 3 scrolls of vulnerability
 h - 2 scrolls of revelation {unknown}
 j - a scroll of silence {unknown}
 k - 3 scrolls of enchant armour {unknown}
 m - 4 scrolls of identify {unknown}
 o - 2 scrolls of fear {unknown}
 r - 2 scrolls of amnesia {unknown}
 s - a scroll of immolation {unknown}
 t - a scroll of noise {unknown}
Potions
 c - a potion of degeneration {unknown}
 l - 3 potions of curing
 v - a potion of magic {unknown}
 w - a potion of cancellation {unknown}


   Skills:
 * Level 3.1 Fighting
 * Level 0.8 Short Blades
 * Level 6.0 Ranged Weapons
 * Level 2.2 Armour
 * Level 2.6 Dodging
 + Level 1.2 Stealth


You had 5 spell levels left.
You didn't know any spells.
Your spell library contained the following spells:

 Spells                   Type           Power      Damage    Failure   Level
 Freeze                   Ice            0%         1d3       54%         1
 Lesser Beckoning         Tloc           0%         N/A       69%         2
 Momentum Strike          Conj/Tloc      0%         3d8       69%         2
 Frozen Ramparts          Ice            0%         1d1       89%         3
 Hailstorm                Conj/Ice       0%         3d5       89%         3
 Blink                    Tloc           Unusable   N/A       N/A         2

Dungeon Overview and Level Annotations

Branches:
Dungeon (4/15)
 Temple: D:4-7

Altars:
Hepliaklqana
Ru

Shops:
D:3 *


Innate Abilities, Weirdness & Mutations

You cannot be hasted, slowed, berserked, paralysed or teleported.
You can dig through walls and to a lower floor.
You have a pair of large antennae on your head. (SInv)
Your four strong arms can wield two-handed weapons with a shield.


Message History

No target in view!
No target in view!
An ogre is nearby!
You shoot an arrow. The arrow hits the ogre.
The ogre is lightly wounded.
You shoot an arrow. The arrow hits the ogre.
The ogre is moderately wounded.
You shoot an arrow. The arrow hits the ogre.
The ogre is moderately wounded.
Your +2 dagger of venom begins to drip with poison!
b - a +2 dagger of venom (weapon)
Your +2 dagger of venom stops dripping with poison.
a - a +0 shortbow (weapon)
Your +2 dagger of venom begins to drip with poison!
b - a +2 dagger of venom (weapon)
Okay, then.
You hit the ogre but do no damage.
The ogre is poisoned.
The ogre is moderately wounded.
The ogre misses you.
You hit the ogre.
The ogre is moderately wounded.
The ogre hits you with a +0 giant club!!
Ouch! That really hurt!
You are too injured to fight recklessly!
Unknown command.
You hit the ogre.
The ogre looks as sick as possible!
You punch the ogre, but do no damage.
The ogre is moderately wounded.
Unknown command.
Unknown command.
You barely miss the ogre.
The ogre is heavily wounded.
The ogre closely misses you.
Unknown command.
Unknown command.
You hit the ogre.
The ogre looks as sick as possible!
The ogre is severely wounded.
The ogre hits you with a +0 giant club!!
Ouch! That really hurt!
You die...

#######'########..
#...........# ##.
#...........# ##
#...........# #
#...........# #
#...........######
#####...........#.....
#...............#.####
#....@#####'#####.#
###....O#####.# #.#
).(........##.# #.#
...........##.# #.#
...........##.# #.#
...........##.# #.#
...........##.# #.#
...........##.# #.#
........)..##.# #.#


You could see an ogre (extremely poisoned).

Vanquished Creatures
  An orc priest (D:4)
  Jessica (D:3)
  Ijyb (D:3)
  An orc wizard (D:3)
  4 gnolls (D:3)
  5 adders
  2 dart slugs
  A ribbon worm (D:3)
  8 orcs
  4 ball pythons
  6 endoplasms
  A giant cockroach (D:2)
  7 goblins
  5 hobgoblins
  4 jackals (D:1)
  A quokka (D:1)
  4 bats
  A frilled lizard (D:3)
  5 kobolds
  3 rats
65 creatures vanquished.

Vanquished Creatures (collateral kills)
  2 orcs (D:4)
  A hobgoblin (D:4)
3 creatures vanquished.

Grand Total: 68 creatures vanquished

Notes
Turn   | Place    | Note
-------+----------+-------------------------------------------
     0 | D:1      | Morbidden the Formicid Hunter began the quest for the Orb.
     0 | D:1      | Reached XP level 1. HP: 16/16 MP: 1/1
    95 | D:1      | Reached XP level 2. HP: 22/22 MP: 2/2
   793 | D:1      | Reached skill level 1 in Armour
   870 | D:2      | Found a faded altar of an unknown god.
   892 | D:2      | Reached XP level 3. HP: 28/28 MP: 3/3
  1313 | D:3      | Noticed Ijyb
  1398 | D:3      | Found a hazy altar of Hepliaklqana.
  1403 | D:3      | Reached XP level 4. HP: 29/34 MP: 4/4
  1493 | D:3      | Killed Ijyb
  1494 | D:3      | Reached skill level 5 in Ranged Weapons
  1531 | D:3      | Found a sacrificial altar of Ru.
  1648 | D:3      | Found Qeodo's Assorted Antiques.
  1655 | D:3      | Bought a scroll labelled TIERCH WIQYNID for 29 gold pieces
  1655 | D:3      | Bought a scroll labelled HEEMAT LIDAEC for 29 gold pieces
  1671 | D:3      | Reached XP level 5. HP: 39/39 MP: 5/5
  1879 | D:3      | Noticed Jessica
  1883 | D:3      | Killed Jessica
  1993 | D:3      | Reached XP level 6. HP: 39/46 MP: 6/6
  2002 | D:3      | Reached skill level 6 in Ranged Weapons
  3002 | D:4      | Noticed an ogre
  3126 | D:4      | Mangled by an ogre

Illustrated notes

Levels and vault maps discovered:
D:1:      matt_arrival_diagonals, layout_loops_ring
D:2:      layout_rooms, dreamdust_ecumenical_altar_statues
D:3:      layout_basic, mainiacjoe_overflow_six_doors_small,
          nicolae_hepliaklqana_hazy_memory, serial_shops,
          nicolae_shop_getting_attention, kennysheep_generic_room_5, uniq_ijyb,
          uniq_jessica
D:4:      layout_basic, lemuel_doored_altar

Skill      XL: |  1  2  3  4  5  6 |
---------------+-------------------+-----
Dodging        | 2 |  2.6
Armour         | 1 2 |  2.2
Ranged Weapons | 5 6 |  6.0
Fighting       | 3 |  3.1
Short Blades   | |  0.8
Stealth        | |  1.2

Action                     |  1- 3 |  4- 6 || total
---------------------------+-------+-------++-------
  Melee: Unarmed           |     4 |       ||     4
         Dagger            |       |    56 ||    56
         Punch             |       |     3 ||     3
   Fire: Shortbow          |    82 |    75 ||   157
    Use: Potion            |     2 |       ||     2
         Scroll            |     1 |     2 ||     3
   Stab: Sleeping          |       |     1 ||     1
 Armour: Leather armour    |    40 |     3 ||    43
         Skin              |     5 |       ||     5
         Ring mail         |       |    46 ||    46
  Dodge: Dodged            |    48 |    46 ||    94
  Block: Other             |       |     9 ||     9

Table legend: (Time is in decaauts)
 A = Elapsed time spent in this place.
 B = Non-inter-level travel time spent in this place.
 C = Inter-level travel time spent in this place.
 D = Time resting spent in this place.
 E = Time spent auto-exploring this place.
 F = Levels seen in this place.
 G = Mean time per level.
                   A        B        C        D        E       F      G
               +--------+--------+--------+--------+--------+-----+--------+
         Total |   3148 |   2976 |    172 |    633 |   1841 |   4 |  787.0 |
       Dungeon |   3148 |   2976 |    172 |    633 |   1841 |   4 |  787.0 |
               +--------+--------+--------+--------+--------+-----+--------+

Top non-repeatable levels by time:
     D:3: 1004 daAuts
     D:1: 877 daAuts
     D:2: 769 daAuts
     D:4: 496 daAuts
